 Dungeon Crawl Stone Soup version 0.19.0-17-g07987d3 (webtiles) character file.

4526 LORDOFBUTT the Blocker (level 10, -8/66 HPs)
             Began as a Formicid Fighter on Nov 11, 2016.
             Was an Initiate of Gozag.
             Killed by the air
             ... invoked by Gastronok
              (32 damage)
             ... on level 8 of the Dungeon.
             The game lasted 00:11:55 (9829 turns).

LORDOFBUTT the Blocker (Formicid Fighter)           Turns: 9829, Time: 00:11:55

Health: -8/66      AC: 21    Str: 25    XL:     10   Next: 66%
Magic:  10/10      EV: 11    Int:  9    God:    Gozag
Gold:   709        SH: 16    Dex: 12    Spells: 0 memorised, 9 levels left

rFire  . . .     SeeInvis +     e - +0 battleaxe
rCold  . . .     Gourm    .     b - +0 scale mail
rNeg   . . .     Faith    .     c - +3 shield
rPois  .         Spirit   .     (helmet unavailable)
rElec  .         Reflect  .     r - +2 cloak
rCorr  .         Harm     .     (no gloves)
MR     +....                    (no boots)
Stlth  ..........               (no amulet)
                                v - +4 ring of protection
                                d - +3 ring of protection

@: gold aura
A: permanent stasis, dig shafts and tunnels, four strong arms, antennae 3, slimy
green scales 1, yellow scales 1, agile 1, blurry vision 2, clever 1, frail 1
a: Dig, Shaft Self, Potion Petition, Call Merchant, Bribe Branch, Renounce
Religion


You were on level 8 of the Dungeon.
You worshipped Gozag.
Gozag was pleased with you.
You were not hungry.

You visited 2 branches of the dungeon, and saw 10 of its levels.

You collected 795 gold pieces.
You paid 86 gold pieces to Gozag.

Inventory:

Hand Weapons
 e - a +0 battleaxe (weapon)
Armour
 b - a +0 scale mail (worn)
 c - a +3 shield (worn)
 r - a +2 cloak (worn)
Jewellery
 d - a +3 ring of protection (left hand)
 v - a +4 ring of protection (right hand)
Wands
 t - a wand of digging (18/24)
Scrolls
 g - a scroll of amnesia
 i - 2 scrolls of immolation
 k - 2 scrolls of recharging
 l - 3 scrolls of random uselessness
 m - 3 scrolls of remove curse
 n - 2 scrolls of magic mapping
 o - a scroll of enchant weapon {unknown}
 q - 2 scrolls of noise
 s - a scroll of teleportation {unknown}
Potions
 j - a potion of cancellation
 p - 4 potions of agility
 u - 2 potions of curing
 x - a potion of resistance
Books
 w - a book of Callings

   Spells                             Type                      Level
   a - Summon Small Mammal            Summoning                    1
   b - Call Imp                       Summoning                    2
   c - Call Canine Familiar           Summoning                    3
   d - Summon Guardian Golem          Hexes/Summoning              3
   e - Summon Lightning Spire         Summoning/Air                4
   f - Summon Ice Beast               Ice/Summoning                4
Comestibles
 f - 2 bread rations
 h - a meat ration
 A - a royal jelly


   Skills:
 - Level 5.0 Fighting
 * Level 10.5 Axes
 - Level 5.2 Armour
 - Level 1.8 Dodging
 - Level 1.0 Stealth
 * Level 11.3 Shields


You had 9 spell levels left.
You didn't know any spells.

Dungeon Overview and Level Annotations

Branches:
Dungeon (9/15)             Temple (1/1) D:6
   Lair: D:8-11         Orc: D:9-12

Altars:
Ashenzari
Cheibriados
Dithmenos
Elyvilon
Fedhas
Gozag
Hepliaklqana
Kikubaaqudgha
Makhleb
Nemelex Xobeh
Okawaru
Qazlal
Ru
Sif Muna
Trog
Uskayaw
Vehumet
Xom
Yredelemnul
Zin
The Shining One

Annotations:
D:5 1 runed door
D:8 Gastronok
D:9 UberJew's ghost, novice MiFi


Innate Abilities, Weirdness & Mutations

You are under a permanent stasis effect.
You can dig through walls and to a lower floor.
Your four strong arms can wield two-handed weapons with a shield.
You have a pair of large antennae on your head. (SInv)
You are partially covered in slimy green scales. (AC +2)
You are partially covered in yellow scales. (AC +2)
You are agile. (Dex +2)
Scrolls take you longer to read.
Your mind is acute. (Int +2)
You are frail. (-10% HP)


Message History

Gastronok gurgles horribly!
You slice the ogre!!
You kill the ogre!
Gastronok is no longer distracted by gold.
You block the wraith's attack.
Gastronok is distracted by the nearby gold.
Things that are here:
23 gold pieces; a giant club You closely miss the wraith.
The wraith is distracted by the nearby gold.
Gastronok gurgles horribly!
You hit the wraith.
The wraith is no longer distracted by gold.
The wraith is lightly damaged.
Gastronok is no longer distracted by gold.
You block the wraith's attack.
Gastronok waves his eye-stalks in wide circles.
The air twists around and strikes you!
You die...
Your body crumbles into a pile of gold.

#########.#########..##
#.........#########.#.##
####.######>.##.......###.#
..##.#......(.....<....#.##
#.##.#...#..#.....####...# ###
#.##.#..#.[#....#.####...######..
#.##.#[..C#.w.###.......<.....#.#
#........#..#.....<.[#(..####.#.#
####....#..#...W@..>.....# #.#.#
####......#...#.####.##..# #.#.#
.........#..#...####.##..####.#.#
##.#....#..#...............##.#.#
#.##.....#...######.##..#.##)#.#
#.##.#..#..#.## #.##..#.##.#.#
#.##.#.#..#...# #............#
#.##.#...#....# ####..#....###
#.##.##.#..#..# #..###..#


You could see Gastronok, a hill giant (wandering) and a wraith.

Vanquished Creatures
  Pikel (D:7)
  A troll (D:8)
  The ghost of fishi the Insei, an amateur OpGl of Cheibriados (D:6)
  Grum (D:8)
  A black bear (D:6)
  An orc warrior (D:8)
  2 ice beasts (D:7)
  5 sky beasts
  4 wolves (D:8)
  3 phantoms
  A necrophage (D:7)
  2 ogres
  A centaur (D:6)
  5 bullfrogs
  2 scorpions
  3 killer bees
  A howler monkey (D:6)
  3 wights (D:6)
  An electric eel (D:6)
  A crimson imp (D:8)
  A jelly (D:6)
  2 bullfrog zombies (D:5)
  Crazy Yiuf (D:6)
  5 hounds
  A gnoll shaman (D:6)
  2 orc priests
  A bullfrog skeleton (D:4)
  4 iguanas
  Ijyb (D:3)
  4 worker ants
  A killer bee zombie (D:8)
  2 hound zombies
  A howler monkey zombie (D:8)
  18 gnolls
  10 adders
  A shadow imp (D:6)
  3 oozes (D:1)
  2 adder zombies
  An adder skeleton (D:6)
  2 worms (D:3)
  2 dart slugs
  2 leopard geckos
  12 orcs
  2 ball pythons (D:3)
  8 giant cockroaches
  8 goblins
  8 hobgoblins
  6 jackals
  3 kobolds (D:2)
  A quokka (D:8)
  5 bats
  4 frilled lizards
  2 jackal skeletons
  13 rats
179 creatures vanquished.

Vanquished Creatures (others)
  A bush (D:9)
  8 plants (D:9)
9 creatures vanquished.

Grand Total: 188 creatures vanquished

Notes
Turn   | Place    | Note
-------+----------+-------------------------------------------
     0 | D:1      | LORDOFBUTT the Formicid Fighter began the quest for the Orb.
     0 | D:1      | Reached XP level 1. HP: 18/18 MP: 1/1
    63 | D:1      | Reached XP level 2. HP: 22/24 MP: 2/2
   149 | D:1      | Reached XP level 3. HP: 25/29 MP: 3/3
   151 | D:1      | Reached skill level 4 in Shields
   815 | D:2      | Reached XP level 4. HP: 35/35 MP: 4/4
  1619 | D:3      | Noticed Ijyb
  1633 | D:3      | HP: 1/37 [Ijyb/dagger of electrocution (14)]
  1638 | D:3      | Killed Ijyb
  1638 | D:3      | Reached XP level 5. HP: 2/42 MP: 5/5
  2236 | D:3      | Reached XP level 6. HP: 27/48 MP: 6/6
  2404 | D:3      | Reached skill level 5 in Shields
  3353 | D:5      | Entered Level 5 of the Dungeon
  3363 | D:5      | Reached skill level 1 in Dodging
  3464 | D:5      | Reached skill level 5 in Axes
  3464 | D:5      | Reached XP level 7. HP: 49/54 MP: 7/7
  3509 | D:5      | You fall through a shaft for 2 floors!
  3887 | D:6      | Found an ancient bone altar of Kikubaaqudgha.
  3926 | D:6      | Noticed fishi's ghost (amateur OpGl)
  3977 | D:6      | Found a staircase to the Ecumenical Temple.
  4023 | D:5      | Reached skill level 6 in Shields
  4030 | D:5      | Reached XP level 8. HP: 32/61 MP: 8/8
  4341 | D:5      | Found a glowing silver altar of Zin.
  4341 | D:5      | Found a runed door.
  4341 | D:5      | Noticed an angel
  4495 | D:5      | Gained mutation: You are partially covered in yellow scales. (AC +2) [mutagenic meat]
  4496 | D:5      | Gained mutation: Your mind is acute. (Int +2) [mutagenic meat]
  4497 | D:5      | Gained mutation: You are frail. (-10% HP) [mutagenic meat]
  4498 | D:5      | Gained mutation: Scrolls take you a little longer to read. [mutagenic meat]
  4498 | D:5      | Gained mutation: You are partially covered in slimy green scales. (AC +2) [potion of mutation]
  4498 | D:5      | Gained mutation: Scrolls take you longer to read. [potion of mutation]
  4498 | D:5      | Gained mutation: You are agile. (Dex +2) [potion of mutation]
  4590 | Temple   | Entered the Ecumenical Temple
  4834 | Temple   | Became a worshipper of Gozag Ym Sagoz the Greedy
  4871 | D:6      | Killed fishi's ghost
  4871 | D:6      | Reached skill level 5 in Armour
  5160 | D:6      | Reached skill level 1 in Stealth
  5317 | D:6      | Reached skill level 5 in Fighting
  5317 | D:6      | Reached skill level 7 in Shields
  5317 | D:6      | Reached XP level 9. HP: 40/61 MP: 9/9
  5916 | D:6      | Found a runed door.
  6101 | D:6      | Noticed Crazy Yiuf
  6105 | D:6      | Killed Crazy Yiuf
  6343 | D:7      | Reached skill level 8 in Shields
  6642 | D:7      | Noticed Pikel
  6678 | D:7      | Killed Pikel
  6678 | D:7      | Reached skill level 9 in Shields
  7314 | D:8      | Reached XP level 10. HP: 62/66 MP: 10/10
  7453 | D:8      | Reached skill level 10 in Shields
  7741 | D:8      | Noticed Grum
  7765 | D:8      | Reached skill level 10 in Axes
  7783 | D:8      | Killed Grum
  8412 | D:8      | Noticed Gastronok
  8607 | D:8      | Reached skill level 11 in Shields
  8827 | D:9      | Noticed UberJew's ghost (novice MiFi)
  9301 | D:9      | HP: 3/66 [UberJew's ghost (10)]
  9829 | D:8      | Killed from afar by Gastronok

Skill      XL: |  1  2  3  4  5  6  7  8  9 10 |
---------------+-------------------------------+-----
Shields        | 4 5 6 7 9 11 | 11.3
Axes           | 3 4 5 7 9 10 | 10.5
Fighting       | 4 5 |  5.0
Armour         | 4 5 |  5.2
Dodging        | 1 |  1.8
Stealth        | 1 |  1.0

Action                   |  1- 3 |  4- 6 |  7- 9 | 10-12 || total
-------------------------+-------+-------+-------+-------++-------
Melee: War axe           |    79 |   165 |   288 |   202 ||   734
       Battleaxe         |       |       |       |    36 ||    36
Invok: Potion Petition   |       |       |     1 |       ||     1
  Use: Potion            |       |     5 |     3 |       ||     8
       Scroll            |       |     8 |     2 |     6 ||    16
  Eat: Chunk             |       |     6 |     4 |       ||    10
       Fruit             |       |     6 |       |       ||     6
       Bread ration      |       |       |     2 |     1 ||     3
       Meat ration       |       |       |     1 |       ||     1
       Beef jerky        |       |       |       |     1 ||     1
Armor: Scale mail        |    33 |    81 |   116 |   110 ||   340
Dodge: Dodged            |    30 |    63 |   114 |   121 ||   328
Block: Shield            |    54 |    97 |   164 |   209 ||   524
